 Dungeon Crawl Stone Soup version 0.30.1-4-g462c640d31 (webtiles) character file.

Game seed: 13909473552432285077

114 hawla the Firebug (level 5, -1/39 HPs)
             Began as a Meteoran Fire Elementalist on Aug 28, 2023.
             Slain by a black bear (4 damage)
             ... on level 3 of the Dungeon.
             The game lasted 00:04:36 (381 turns).

hawla the Firebug (Meteoran Fire Elementalist)       Turns: 381, Time: 00:04:37

Health: -1/39      AC:  3    Str: 10    XL:     5   Next: 42%
Magic:  9/12       EV: 10    Int: 18    God:
Gold:   48         SH:  0    Dex: 14    Spells: 9/12 levels left

rFire   x . .        b - +1 flail (drain)
rCold   . . .        (no shield)
rNeg    . . .        a - +1 robe
rPois   .            (helmet restricted)
rElec   .            (no cloak)
rCorr   .            (no gloves)
SInv    .            (no boots)
Will    .....        (no amulet)
Stlth   +            (no ring)
HPRegen 0.00/turn    (no ring)
MPRegen 0.13/turn

%: no passive effects
@: inhibited regen, glowing, constricted
A: sense surroundings 1, otherworldly, glowing, explore regen, horns 1,
inhibited regeneration, heat vulnerability 1
a: no special abilities


You were on level 3 of the Dungeon.
You visited 1 branch of the dungeon, and saw 4 of its levels.

You collected 48 gold pieces.

Inventory:

Hand Weapons
 b - a +1 flail of draining (weapon)
Armour
 a - a +1 robe (worn)
Scrolls
 h - 2 scrolls of enchant armour


   Skills:
 + Level 0.5 Fighting
 + Level 3.0 Dodging
 - Level 1.4 Stealth
 + Level 4.1 Spellcasting
 + Level 1.8 Conjurations
 + Level 5.1 Fire Magic


You had 9 spell levels left.
You knew the following spells:

 Your Spells              Type           Power      Damage    Failure   Level
a - Foxfire               Conj/Fire      64%        2x1d7     3%          1
b - Scorch                Fire           44%        2d7       2%          2

Your spell library contained the following spells:

 Spells                   Type           Power      Damage    Failure   Level
 Inner Flame              Hex/Fire       13%        N/A       16%         3
 Volatile Blastmotes      Fire/Tloc      26%        2d12      16%         3
 Flame Wave               Conj/Fire      16%        2d7       34%         4


Dungeon Overview and Level Annotations

Branches:
Dungeon (4/15) Zot: 2016
 Temple: D:4-7

Altars:

Annotations:
D:3 Grinder, Terence


Innate Abilities, Weirdness & Mutations

You passively map a small area around you.
You are easily found by Zot.
You glow in the dark.
You regain HP and MP as you explore.
You have a pair of small horns on your head.
You do not regenerate when monsters are visible.
You are vulnerable to heat. (rF-)


Message History

Found 12 gold pieces.
Grinder is no longer more vulnerable to fire.
The black bear attacks as you move away!
The black bear barely misses you. The black bear closely misses you.
The black bear claws you but does no damage.
A ball python comes into view.
The ball python hisses angrily.
Grinder blinks!
You see here 12 gold pieces.
Casting: Scorch (safe; 2% risk of failure)
Confirm with . or Enter, or press ? or * to list all spells.
You conjure some foxfire!
The foxfire hits the giant cockroach.
The giant cockroach is moderately wounded.
The ball python bites you. The ball python grabs you.
The ball python constricts you. The black bear bites you.
The black bear completely misses you. The black bear barely misses you.
Grinder blinks!
Casting: Foxfire (safe; 3% risk of failure)
Confirm with . or Enter, or press ? or * to list all spells.
Flames lash the hobgoblin.
You kill the hobgoblin!
The foxfire hits the ball python.
The ball python is heavily wounded.
The ball python completely misses you. The ball python constricts you.
The black bear bites you.
* * * LOW HITPOINT WARNING * * *
The black bear barely misses you. The black bear claws you.
* * * LOW HITPOINT WARNING * * *
The giant cockroach bites you.
* * * LOW HITPOINT WARNING * * *
The ball python bites you.
* * * LOW HITPOINT WARNING * * *
The ball python constricts you.
Casting: Scorch (safe; 2% risk of failure)
Confirm with . or Enter, or press ? or * to list all spells.
You conjure some foxfire!
The black bear bites you.
* * * LOW HITPOINT WARNING * * *
The black bear claws you but does no damage.
The black bear claws you.
You die...

#......†...##
#...........#
,
#.........#.#
###########.##
###.5##### *
#....†...#
*####........#
.........hB..#
* *
#####...S@v..#
#.....v..#
#........#
#........#
#........#
##########


You could see Grinder (inner flame), a black bear (ally target), a giant
cockroach and a ball python (ally target).

Vanquished Creatures
  An orc priest (D:4)
  3 gnolls (D:4)
  2 adders (D:4)
  An ufetubus (D:4)
  A dart slug (D:4)
  3 orcs (D:4)
  A ball python (D:4)
  3 endoplasms
  3 hobgoblins
  3 jackals (D:4)
  3 quokkas
  2 bats
  A rat (D:2)
27 creatures vanquished.

Vanquished Creatures (others)
  69 foxfires
69 creatures vanquished.

Grand Total: 96 creatures vanquished

Notes
Turn   | Place    | Note
-------+----------+-------------------------------------------
     0 | D:1      | hawla the Meteoran Fire Elementalist began the quest for
                  | the Orb.
     0 | D:1      | Reached XP level 1. HP: 14/14 MP: 5/5
   164 | D:3      | Noticed Terence
   168 | D:3      | Reached XP level 2. HP: 16/20 MP: 3/6
   174 | D:4      | Reached skill level 4 in Fire Magic
   184 | D:4      | Learned a level 2 spell: Scorch
   201 | D:4      | Reached XP level 3. HP: 26/26 MP: 8/8
   248 | D:4      | Reached XP level 4. HP: 15/33 MP: 4/10
   289 | D:4      | Reached skill level 5 in Fire Magic
   289 | D:4      | Reached XP level 5. HP: 12/39 MP: 1/11
   329 | D:4      | Noticed a phantom
   330 | D:4      | Noticed Grinder
   332 | D:4      | Paralysed by Grinder for 3 turns
   341 | D:4      | Gained mutation: You do not regenerate when monsters are
                  | visible. [potion of mutation]
   341 | D:4      | Gained mutation: You have a pair of small horns on your
                  | head. [potion of mutation]
   341 | D:4      | Gained mutation: You are vulnerable to heat. (rF-) [potion
                  | of mutation]
   357 | D:3      | Noticed a black bear
   381 | D:3      | Slain by a black bear

Illustrated notes

Levels and vault maps discovered:
D:1:      tarquinn_simple_flora_water_d, layout_basic,
          amcnicky_mini_rare_corridor_liquid
D:2:      layout_rooms, basic_altar, uniq_robin
D:3:      layout_rooms, minmay_curled_crystal, guppyfry_early_orc_mine,
          uniq_terence
D:4:      lemuel_castle_with_subvaults [lemuel_castle_interior_carwin_1],
          layout_cave_pods, old_standard_altar, overflow_temple_1_default,
          uniq_sigmund, uniq_grinder

Skill      XL: |  1  2  3  4  5 |
---------------+----------------+-----
Spellcasting   | 3 4 |  4.1
Fire Magic     | 4 5 |  5.1
Dodging        | 3 |  3.0
Fighting       | |  0.5
Stealth        | |  1.4
Conjurations   | |  1.8

Action                     |  1- 3 |  4- 6 || total
---------------------------+-------+-------++-------
  Melee: Unarmed           |     3 |     1 ||     4
         Flail             |       |     5 ||     5
   Cast: Foxfire           |    26 |    16 ||    42
         Scorch            |       |     4 ||     4
    Use: Potion            |     1 |     4 ||     5
         Scroll            |       |     3 ||     3
 Armour: Robe              |     3 |    14 ||    17
  Dodge: Dodged            |     8 |    36 ||    44
